AoeStats
← borgqueen

Arabia

509234827Analyzed
1v1 RM · 6d ago on Sep 26, 2026· 44m 19s· 2 players
Game mode
Random Map
Map size
Tiny (2 player)
Population
200
Speed
Normal
Resources
Standard
Victory
Conquest
Starting age
Dark Age
Ending age
Imperial Age
RankedLock teamsTeams togetherTeam positionsShared explorationLock speedFull tech treeHidden civsTurbo modeCheats
Victory
Defeat
🇦🇷 Wei · Argentina
1126
+16
🇦🇺 Burgundians · Australia
1127
-16
gznacho
5:43 Loom
10:13 Feudal Age
10:44 Double-Bit Axe
10:45 Horse Collar
19:28 Castle Age
19:12 Wheelbarrow
20:20 Gold Mining
20:22 Stone Mining
21:04 Heavy Plow
21:44 Town Watch
26:54 Bloodlines
27:23 Husbandry
28:53 Forging
36:56 Imperial Age
35:41 Iron Casting
39:51 Blast Furnace
39:11 Scale Barding Armor
40:57 Wheelbarrow
41:29 Gold Shaft Mining
41:30 Stone Shaft Mining
41:16 Heavy Hei Guang Cavalry
42:33 Conscription
44:54 Ballistics
borgqueen
6:03 Loom
12:07 Feudal Age
10:48 Double-Bit Axe
12:03 Horse Collar
12:09 Man-at-Arms
13:19 Bow Saw
16:21 Heavy Plow
20:01 Forging
19:58 Scale Barding Armor
23:45 Castle Age
23:11 Scale Mail Armor
23:57 Gold Mining
25:34 Crop Rotation
26:05 Two-Man Saw
25:14 Husbandry
26:06 Gold Shaft Mining
37:32 Light Cavalry
39:05 Wheelbarrow
Connection lost

Rejoining the realm…

Still unreachable

The connection could not be restored.

Session expired

The server has moved on; the page needs a fresh start.